Map: Rohana LE

Players

Ekelpack

  • Race: Zerg Zerg
  • Spawn Location: 5:00

Nyck

  • Race: Terran Terran
  • Spawn Location: 3:00

Günterin - Winner!

  • Race: Zerg Zerg
  • Spawn Location: 11:00

CommanderN - Winner!

  • Race: Terran Terran
  • Spawn Location: 9:00

VOD

Have the link to the VOD?

Description

Time

  • Played on: April 1, 2025, 1:54 p.m.
  • Length: 15:51
Show
View Real Time Build Order
Export as new Build Order

Ekelpack Zerg 

Build Orders: Hatch First, Swarm Host 

Get SALT Encoding   

  12  0:00  Drone  
  13  0:12  Overlord  
  13  0:18  Drone  
  14  0:31  Drone x2  
  17  0:35  Drone  
  17  0:52  Hatchery  
  17  0:54  Drone  
  17  0:58  Drone  
  18  1:07  Drone  
  19  1:13  Extractor  
  19  1:16  Spawning Pool  
  17  1:22  Drone  
  18  1:28  Drone  
  19  1:43  Drone  
  20  1:51  Overlord  
  20  2:03  Queen  
  20  2:05  Queen  
  20  2:07  Drone  
  25  2:10  Drone  
  25  2:12  Drone  
  25  2:14  Metabolic Boost  
  27  2:19  Drone  
  28  2:23  Drone  
  28  2:27  Drone  
  28  2:29  Extractor  
  29  2:32  Drone  
  29  2:37  Drone  
  31  2:42  Extractor  
  30  2:48  Overlord  
  30  2:49  Drone  
  31  2:59  Drone  
  31  3:00  Lair  
  31  3:02  Overlord  
  32  3:08  Drone  
  32  3:10  Drone  
  34  3:18  Drone x3  
  38  3:20  Drone x3  
  38  3:24  Overlord  
  40  3:28  Drone, Extractor  
  40  3:36  Zergling x2  
  40  3:39  Zergling x2  
  42  4:08  Spire  
  41  4:14  Drone x4  
  45  4:20  Zergling x6  
  27  4:34  Zergling x8  
  29  4:51  Zergling x2  
  27  4:53  Zergling x6  
  27  4:54  Zergling x4  
  30  5:02  Zergling x4  
  30  5:04  Queen  
  34  5:08  Zergling x4  
  34  5:09  Zergling x4  
  38  5:26  Mutalisk x2  
  38  5:27  Mutalisk  
  44  5:30  Drone  
  36  5:50  Drone x2  
  36  5:51  Drone x4  
  42  6:02  Drone x2  
  44  6:04  Zerg Flyer Weapons Level 1  
  44  6:10  Drone  
  44  6:11  Drone  
  44  6:34  Drone  
  44  6:35  Drone x6  
  51  6:46  Infestation Pit  
  50  6:57  Overlord  
  50  7:05  Drone x4  
  54  7:22  Hive  
  54  7:29  Hatchery  
  53  7:34  Swarm Host  
  53  7:35  Overlord  
  62  7:39  Burrow  
  62  7:47  Evolution Chamber  
  61  7:54  Overlord  
  58  8:13  Swarm Host  
  58  8:14  Swarm Host x2  
  58  8:16  Overlord x2  
  79  8:31  Zerg Missile Weapons Level 1  
  79  8:39  Adrenal Glands  
  79  8:43  Zergling x12  
  79  8:44  Zergling x4  
  79  8:47  Queen  
  89  9:15  Drone  
  89  9:16  Drone x3, Overlord x2  
  94  9:17  Drone x3  
  96  9:30  Drone x5  
  101  9:34  Queen x2  
  95  10:08  Swarm Host x2  
  95  10:09  Swarm Host x3  
  95  10:14  Drone  
  114  10:16  Extractor  
  114  10:18  Extractor  
  112  10:35  Drone  
  112  10:36  Drone  
  114  10:46  Overseer x3  
  114  10:54  Zerg Missile Weapons Level 2  
  114  11:01  Evolution Chamber  
  113  11:05  Overlord  
  113  11:06  Overlord  
  108  11:41  Overlord x3  
  108  11:42  Swarm Host  
  123  11:59  Nydus Network  
  122  12:04  Overlord x4  
  122  12:05  Overlord x2  
  131  12:18  Hatchery  
  133  12:23  Swarm Host  
  111  12:40  Swarm Host x3  
  129  12:59  Zerg Ground Armor Level 1  
  129  13:10  Hatchery  
  128  13:15  Overlord  
  128  13:18  Swarm Host x2  
  128  13:19  Swarm Host  
  139  14:16  Corruptor x2  
  139  14:17  Corruptor x7  
  139  14:18  Corruptor x6  
  139  14:19  Corruptor x2  
  102  15:16  Zergling x12  
  102  15:17  Zergling x6  
Show
View Real Time Build Order
Export as new Build Order

Nyck Terran 

Build Orders: 2 Factory, Reaper Expand, Mech 

Get SALT Encoding   

  12  0:00  SCV  
  13  0:13  Supply Depot  
  13  0:17  SCV  
  14  0:29  SCV  
  15  0:38  Barracks  
  15  0:42  SCV  
  16  0:46  Refinery  
  16  0:54  SCV  
  17  1:08  Supply Depot  
  17  1:14  SCV  
  18  1:27  Orbital Command  
  18  1:32  Reaper  
  19  1:42  Refinery  
  19  1:55  Command Center  
  19  1:58  SCV  
  20  2:12  SCV  
  21  2:18  Factory  
  21  2:27  Factory  
  21  2:28  SCV  
  22  2:40  SCV  
  23  2:52  SCV  
  23  3:04  SCV, Factory Tech Lab  
  24  3:07  Factory  
  24  3:11  Orbital Command  
  24  3:16  Factory Tech Lab  
  24  3:19  SCV  
  25  3:30  Refinery  
  25  3:33  SCV  
  26  3:35  Refinery  
  19  3:52  SCV  
  19  3:53  SCV  
  21  4:04  SCV  
  21  4:05  SCV  
  21  4:06  Hellion x2  
  21  4:08  Factory Reactor  
  27  4:10  Factory  
  27  4:16  SCV  
  29  4:17  SCV  
  29  4:24  Infernal Pre-Igniter  
  29  4:28  SCV  
  29  4:29  SCV  
  29  4:41  SCV x2  
  31  4:51  Hellion  
  31  4:52  Hellion x3  
  35  4:56  Hellion  
  35  4:57  Factory  
  35  4:59  SCV  
  30  5:22  SCV x2  
  32  5:33  Hellion  
  32  5:34  SCV x2, Hellion  
  38  5:36  Hellion  
  38  5:39  Hellion  
  42  5:55  SCV x2  
  44  6:07  SCV  
  44  6:08  SCV  
  46  6:19  SCV  
  46  6:20  SCV  
  30  6:32  SCV x2  
  32  6:36  Factory Tech Lab  
  32  6:37  Factory Tech Lab  
  32  6:40  Siege Tank x2  
  32  6:44  SCV x2  
  40  6:49  Command Center  
  40  6:56  SCV x2  
  42  7:04  Siege Tank  
  45  7:11  SCV x2, Siege Tank  
  50  7:19  Siege Tank  
  50  7:20  Siege Tank  
  56  7:28  Armory  
  56  7:29  SCV, Armory  
  58  7:30  SCV  
  58  7:41  SCV  
  58  7:42  SCV  
  60  8:10  Hellion x5  
  60  8:11  Hellion  
  60  8:12  SCV x2  
  74  8:15  Orbital Command  
  74  8:24  Terran Vehicle Weapons Level 1  
  74  8:26  Terran Vehicle And Ship Armor Level 1  
  74  8:28  SCV  
  74  8:29  SCV  
  76  8:40  SCV  
  77  9:07  Command Center  
  77  9:10  Supply Depot  
  77  9:17  Refinery  
  77  9:27  Orbital Command  
  77  9:28  Supply Depot  
  77  9:32  SCV x2, Siege Tank x2  
  77  9:34  Supply Depot  
  85  9:49  Refinery x2  
  85  9:50  Siege Tank, Hellion x2  
  92  9:53  SCV  
  92  9:55  SCV x2, Siege Tank  
  92  9:57  Supply Depot  
  98  10:04  Siege Tank  
  101  10:18  SCV x3, Siege Tank  
  107  10:23  Hellbat x2  
  111  10:30  SCV  
  111  10:31  Smart Servos  
  111  10:33  SCV x2  
  111  10:34  Terran Vehicle Weapons Level 2  
  111  10:35  Terran Vehicle And Ship Armor Level 2  
  114  10:42  SCV  
  114  10:45  SCV x2  
  113  11:27  Orbital Command  
  108  11:47  Siege Tank  
  108  11:48  Siege Tank x3  
  120  11:58  Hellbat x2  
  120  12:00  Orbital Command  
  124  12:02  Command Center  
  124  13:09  SCV x2, Hellion x2  
  124  13:14  SCV, Siege Tank x4  
  137  13:21  SCV x2  
  137  13:26  SCV  
  137  13:33  SCV x2  
  139  13:37  Hellion  
  139  13:38  SCV  
  139  13:40  Supply Depot  
  139  13:42  Orbital Command  
  139  13:43  Hellbat  
  139  13:44  Command Center  
  143  14:17  Thor x4  
  92  14:46  Supply Depot  
  92  14:51  Engineering Bay  
  92  14:55  SCV x3  
  92  14:59  Thor x2  
  95  15:00  Thor x2  
Show
View Real Time Build Order
Export as new Build Order

Günterin Zerg - Winner!

Build Orders: Hatch First, Lurkers, Roach Hydra 

Get SALT Encoding   

  12  0:00  Drone  
  13  0:12  Overlord  
  13  0:16  Drone  
  14  0:30  Drone x2  
  16  0:51  Hatchery, Drone  
  16  0:54  Drone  
  17  0:57  Drone  
  18  1:08  Extractor  
  17  1:14  Spawning Pool  
  17  1:18  Drone  
  17  1:19  Drone  
  18  1:28  Drone  
  19  1:39  Drone  
  20  2:03  Queen x2  
  20  2:05  Zergling x6  
  27  2:11  Metabolic Boost  
  27  2:15  Overlord  
  27  2:16  Drone  
  28  2:39  Hatchery  
  27  2:54  Overlord  
  27  2:56  Drone x5  
  32  3:36  Zergling x20  
  42  3:50  Overlord  
  42  3:51  Overlord x2  
  41  3:57  Queen  
  42  4:09  Drone x8  
  49  4:25  Drone  
  49  4:26  Drone x3  
  52  4:33  Drone x7  
  59  4:41  Overlord x2  
  58  4:51  Drone  
  58  4:52  Drone x2  
  56  5:11  Drone x3, Extractor  
  56  5:12  Drone, Extractor  
  56  5:13  Drone x2  
  57  5:23  Zergling x8  
  57  5:24  Zergling x2  
  62  5:30  Lair  
  62  5:38  Zergling x8  
  62  5:40  Evolution Chamber  
  65  5:43  Evolution Chamber  
  64  5:50  Drone  
  64  5:51  Drone x4  
  64  5:52  Drone x3  
  64  5:56  Zergling x8  
  76  6:09  Roach Warren, Zergling x2  
  76  6:10  Zergling x10  
  81  6:17  Overlord  
  81  6:18  Overlord x3, Extractor  
  80  6:19  Extractor  
  80  6:21  Spore Crawler  
  80  6:24  Spore Crawler  
  74  6:32  Hydralisk Den  
  73  6:35  Spore Crawler  
  73  6:37  Overlord  
  73  6:38  Overlord  
  72  6:41  Zerg Ground Armor Level 1, Zerg Missile Weapons Level 1  
  72  6:45  Drone x3, Extractor  
  74  6:49  Spore Crawler  
  74  6:51  Spore Crawler  
  74  6:53  Spore Crawler  
  71  6:54  Drone x3  
  71  6:55  Drone  
  71  6:56  Drone x2  
  71  6:59  Roach x7  
  91  7:02  Glial Reconstitution  
  91  7:06  Roach  
  91  7:07  Grooved Spines  
  93  7:14  Drone x5  
  98  7:15  Lurker Den  
  98  7:16  Drone  
  98  7:20  Drone  
  99  7:24  Spire  
  99  7:26  Drone x2  
  100  7:30  Drone  
  100  7:31  Drone, Overlord  
  100  7:32  Overlord  
  102  7:38  Hydralisk  
  102  7:43  Hatchery  
  103  7:58  Muscular Augments  
  87  8:11  Infestation Pit  
  87  8:12  Roach x8  
  110  8:13  Roach x6  
  114  8:34  Hydralisk x6  
  114  8:38  Zerg Missile Weapons Level 2  
  114  8:39  Zerg Ground Armor Level 2  
  126  8:44  Zerg Flyer Weapons Level 1  
  126  8:45  Corruptor x2  
  130  9:07  Hydralisk x5  
  130  9:08  Hydralisk  
  142  9:29  Hive  
  142  9:39  Drone x3  
  142  9:40  Drone x7  
  142  9:41  Drone x5  
  142  9:42  Drone x2, Overlord  
  159  9:47  Lurker  
  159  9:48  Overlord  
  160  10:10  Lurker x2  
  160  10:11  Lurker x6  
  168  10:24  Spore Crawler  
  168  10:25  Drone x3, Extractor  
  168  10:26  Extractor  
  168  10:27  Drone x3  
  171  10:29  Lurker  
  171  10:30  Lurker x2  
  174  10:39  Zerg Flyer Armor Level 1  
  174  10:56  Seismic Spines  
  174  10:57  Zerg Missile Weapons Level 3  
  158  11:51  Mutalisk x2  
  158  11:52  Mutalisk x7  
  158  11:53  Adaptive Talons  
  176  12:05  Overlord x2  
  176  12:06  Overlord x4  
  174  12:32  Zerg Flyer Weapons Level 2  
  145  12:40  Overseer  
  145  12:41  Overseer  
  143  12:45  Hydralisk x7  
  143  12:46  Hydralisk x4  
  165  13:01  Zergling x2  
  165  13:05  Mutalisk x6  
  178  13:15  Mutalisk x4  
  186  13:23  Mutalisk x4  
  194  13:47  Mutalisk x3  
  198  14:40  Overseer  
  195  15:14  Corruptor x5  
Show
View Real Time Build Order
Export as new Build Order

CommanderN Terran - Winner!

Build Orders: 2 Factory, Mech 

Get SALT Encoding   

  12  0:01  SCV  
  13  0:13  SCV  
  14  0:23  Supply Depot  
  14  0:25  SCV  
  15  0:44  SCV  
  15  0:49  Barracks  
  16  0:54  Refinery  
  16  0:57  SCV  
  17  1:09  SCV  
  18  1:26  SCV  
  19  1:38  Orbital Command  
  19  1:39  Marine  
  20  1:47  Command Center  
  20  1:52  Refinery  
  20  1:57  Marine  
  20  2:01  Supply Depot  
  21  2:12  SCV, Factory  
  22  2:24  SCV  
  22  2:25  Marine  
  24  2:36  SCV  
  24  2:57  Marine  
  25  2:59  SCV  
  25  3:03  Factory Tech Lab  
  26  3:09  Factory  
  26  3:11  SCV, Armory  
  27  3:17  Orbital Command  
  27  3:20  Refinery  
  27  3:23  SCV  
  27  3:26  Supply Depot  
  28  3:36  Siege Tank  
  28  3:40  SCV  
  32  3:45  SCV  
  33  3:53  SCV  
  34  3:57  SCV  
  35  4:03  Factory Reactor  
  35  4:05  SCV  
  35  4:08  Siege Tank  
  35  4:09  SCV  
  40  4:22  SCV x2  
  42  4:35  Refinery  
  42  4:36  Infernal Pre-Igniter  
  42  4:40  SCV x2, Siege Tank  
  47  4:58  SCV x2  
  53  5:00  Widow Mine x2  
  53  5:06  Terran Vehicle Weapons Level 1  
  53  5:07  Supply Depot  
  53  5:09  Supply Depot  
  53  5:15  SCV  
  54  5:28  SCV, Siege Tank  
  54  5:29  Widow Mine x2  
  59  5:50  Widow Mine x2  
  59  5:55  Drilling Claws  
  63  5:58  Engineering Bay  
  63  5:59  SCV  
  63  6:00  Siege Tank, Command Center, Factory  
  67  6:11  SCV  
  67  6:27  Engineering Bay, Widow Mine  
  69  6:39  Missile Turret  
  69  6:46  Missile Turret  
  69  6:53  Missile Turret, Factory Tech Lab  
  69  6:57  Supply Depot  
  69  7:00  Terran Vehicle And Ship Armor Level 1  
  69  7:03  Missile Turret  
  69  7:05  SCV  
  69  7:08  Supply Depot  
  70  7:09  Missile Turret  
  70  7:11  Thor  
  70  7:12  SCV, Widow Mine x2  
  70  7:13  Orbital Command  
  81  7:16  Missile Turret  
  81  7:20  Supply Depot  
  81  7:21  Hi-Sec Auto Tracking, Refinery  
  81  7:28  Thor  
  87  7:33  Missile Turret, Widow Mine  
  89  7:39  Widow Mine  
  91  7:52  SCV, Refinery  
  91  7:55  Siege Tank, Widow Mine  
  97  7:59  Supply Depot  
  97  8:04  SCV  
  98  8:12  Siege Tank  
  101  8:16  SCV  
  101  8:19  Widow Mine x2  
  106  8:22  Missile Turret  
  109  8:27  Siege Tank  
  109  8:30  SCV  
  109  8:33  SCV  
  111  8:34  Missile Turret  
  111  8:35  Sensor Tower  
  111  8:40  Hellbat x2  
  115  8:42  SCV  
  115  8:45  SCV  
  117  8:53  Terran Vehicle Weapons Level 2  
  117  8:56  Missile Turret  
  117  9:07  Supply Depot  
  117  9:08  Supply Depot  
  117  9:09  Supply Depot x2  
  117  9:14  Factory  
  117  9:17  Factory  
  117  9:23  Supply Depot, Siege Tank, SCV  
  117  9:24  Widow Mine x2  
  125  9:29  Siege Tank, SCV  
  129  9:35  SCV  
  130  9:41  SCV  
  131  9:45  Supply Depot  
  131  10:09  Missile Turret  
  131  10:11  Factory Tech Lab x2  
  131  10:23  Thor  
  131  10:24  Thor  
  143  10:47  Hellbat x2  
  143  10:48  Siege Tank  
  143  10:49  Siege Tank  
  153  10:56  SCV  
  152  11:05  SCV  
  152  11:07  Siege Tank x2  
  152  11:09  SCV, Terran Vehicle And Ship Armor Level 2  
  160  11:17  SCV  
  161  11:20  Factory  
  161  11:21  SCV  
  161  11:23  Factory  
  161  11:24  Factory  
  162  11:26  Supply Depot  
  162  11:28  Command Center  
  162  11:36  Command Center  
  162  11:48  Supply Depot  
  162  11:49  Siege Tank x4  
  174  12:21  Siege Tank  
  177  12:27  Factory Reactor, Factory Tech Lab x2  
  177  12:32  Missile Turret  
  177  12:53  Missile Turret  
  177  13:12  Orbital Command  
  177  13:13  Planetary Fortress  
  177  13:18  Supply Depot  
  177  13:40  Supply Depot  
  177  14:04  Missile Turret  
  177  14:24  Missile Turret  
  177  14:52  SCV  
  151  15:05  Siege Tank x2  
  151  15:06  Siege Tank x4  
  173  15:07  Hellbat x4  
  167  15:28  Hellbat  
Tags
 
Add a new tag
Caveats
  • Supply blocks, unpowered buildings, or Contaminate may cause inaccurate times.
  • Supply counts are checked every 10 seconds.